 Dungeon Crawl Stone Soup version 0.31-a0-150-g89dc3ad700 (webtiles) character file.

Game seed: 11228364336272741144

396 qw the Shooter (level 6, 0/41 HPs)
             Began as a Gargoyle Hunter on June 8, 2023.
             Slain by Duvessa
             ... wielding a +0 short sword
              (5 damage)
             ... on level 4 of the Dungeon.
             The game lasted 00:00:52 (1894 turns).

qw the Shooter (Gargoyle Hunter)                    Turns: 1894, Time: 00:00:52

Health: 0/41       AC:  7    Str: 20    XL:     6   Next: 82%
Magic:  6/6        EV: 11    Int: 13    God:
Gold:   78         SH:  0    Dex: 14    Spells: 5/5 levels left

rFire   + . .        c - +5 orcbow of Eternal Vigilance {heavy, rF+ rCorr Str+2 Int+4}
rCold   . . .        (shield currently unavailable)
rNeg    + . .        e - +0 ring mail
rPois   inf          (no helmet)
rElec   +            (no cloak)
rCorr   +            (no gloves)
SInv    .            (no boots)
Will    .....        (no amulet)
Stlth   +            (no ring)
HPRegen 0.26/turn    (no ring)
MPRegen 0.10/turn

%: no passive effects
@: no status effects
A: sickness immunity, AC +4, negative energy resistance 1, electricity
resistance, torment resistance 1, petrification resistance, hooves 1, deformed
body, robust 1, strong 1
a: no special abilities


You were on level 4 of the Dungeon.
You visited 1 branch of the dungeon, and saw 4 of its levels.

You collected 130 gold pieces.
You spent 52 gold pieces at shops.


Innate Abilities, Weirdness & Mutations

You are immune to sickness and miasma.
Your stone body is resilient. (AC +4)
You are immune to poison.
You resist negative energy. (rN+)
You are resistant to electric shocks. (rElec)
You are resistant to unholy torment.
You are immune to petrification.
You have large cloven feet.
Armour fits poorly on your strangely shaped body.
You are robust. (+10% HP)
Your muscles are strong. (Str +4, Int/Dex -1)


   Skills:
 - Level 4.2 Fighting
 + Level 6.8 Ranged Weapons
 - Level 2.1 Armour
 - Level 1.5 Dodging
 - Level 1.1 Stealth


You had 5 spell levels left.
You didn't know any spells.
Your spell library was empty.

Inventory:

Hand Weapons
 c - the +5 orcbow of Eternal Vigilance (weapon) {heavy, rF+ rCorr Str+2 Int+4}
   (You acquired it on level 2 of the Dungeon)

   Str:       It affects your strength (+2).
   Int:       It affects your intelligence (+4).
   rF:        It protects you from fire.
   rCorr:     It protects you from acid and corrosion.
Armour
 a - a +1 cloak
 e - a +0 ring mail (worn)
Scrolls
 d - 3 scrolls of identify
Potions
 b - 2 potions of mutation

Dungeon Overview and Level Annotations

Branches:
Dungeon (4/15)
 Temple: D:4-7

Altars:

Shops:
D:2 ?*

Annotations:
D:4 Duvessa


Message History

Found a stone staircase leading down.
Things that are here:
a scorpion corpse; a scorpion corpse A jelly comes into view.
You shoot an arrow. The arrow hits the jelly!
The jelly quivers.
The jelly is severely wounded.
You shoot an arrow. The arrow hits the jelly!!
You kill the jelly!
Dowan, Brother of Duvessa comes into view.
He is wielding a +2 dagger of speed.
You see here a ruby potion.
Enter note: You shoot an arrow.
The arrow hits Dowan!!
You kill Dowan!
You hear a distant scream of rage.
Duvessa, Sister of Dowan comes into view.
She is wielding a +0 short sword and carrying a wand of flame (5).
You shoot an arrow. The arrow barely misses Duvessa.
Duvessa shouts!
Duvessa goes berserk!
You shoot an arrow. The arrow hits Duvessa.
Duvessa is lightly wounded.
Duvessa rages.
A worm comes into view.
You shoot an arrow.
The arrow hits Duvessa but does no damage.
Duvessa is lightly wounded.
Duvessa hits you but does no damage.
Duvessa hits you with a +0 short sword. x2
You shoot an arrow. The arrow barely misses Duvessa.
Duvessa barely misses you. Duvessa hits you with a +0 short sword.
You shoot an arrow. The arrow hits Duvessa!
Duvessa is moderately wounded.
Duvessa barely misses you.
Duvessa hits you with a +0 short sword. x2
You shoot an arrow. The arrow hits Duvessa!
Duvessa is heavily wounded.
Duvessa hits you with a +0 short sword! Duvessa hits you with a +0 short sword.
Duvessa misses you.
You shoot an arrow. The arrow hits Duvessa!!
Duvessa is almost dead.
Duvessa hits you with a +0 short sword.
You die...

.. ........... ..
.....#.......... ##.#
.....#..........##..##
............... [....
..............# #...
........#.##.###..## .
..w....#..#..##.<.#
)...##........###...#
......e@.##....##.##..#
..#......#...)..#..##..)
##..!.........%.## ...
#...............# .)
#................... .
.....................##
.........#............#
......................#
................


You could see Duvessa (berserk) and a worm.

Vanquished Creatures
  2 scorpions (D:4)
  Dowan (D:4)
  A hound (D:3)
  A jelly (D:4)
  Jessica (D:2)
  Terence (D:2)
  3 gnolls (D:3)
  3 adders (D:3)
  A dart slug (D:3)
  7 orcs (D:3)
  2 endoplasms
  A giant cockroach (D:1)
  11 goblins
  A hobgoblin (D:1)
  4 kobolds
  2 quokkas
  4 ball pythons
  13 bats
  4 frilled lizards
  2 rats (D:2)
65 creatures vanquished.

Notes
Turn   | Place    | Note
-------+----------+-------------------------------------------
     0 | D:1      | qw the Gargoyle Hunter began the quest for the Orb.
     0 | D:1      | Reached XP level 1. HP: 12/12 MP: 1/1
     0 | D:1      | 0 ||| qw: Version: 0.2-a-119-g7aa9181
     0 | D:1      | 0 ||| qw: Game counter: 2802
     0 | D:1      | 0 ||| qw: Always use a shield: true
     0 | D:1      | 0 ||| qw: God list: Okawaru
     0 | D:1      | 0 ||| qw: Allow faded altars: false
     0 | D:1      | 0 ||| qw: Do Orc after D:15 true
     0 | D:1      | 0 ||| qw: Do second Lair branch before Depths: true
     0 | D:1      | 0 ||| qw: Lair rune preference: random
     0 | D:1      | 0 ||| qw: Plans: Normal
     0 | D:1      | 0 ||| PLANNING D:1-11
   107 | D:1      | Reached XP level 2. HP: 17/17 MP: 2/2
   561 | D:1      | Reached XP level 3. HP: 21/21 MP: 3/3
   658 | D:1      | 658 ||| UPGRADING to +0 ring mail.
   668 | D:1      | 668 ||| DROPPING +0 leather armour.
   669 | D:1      | 669 ||| READING scroll labelled JIENAOD ZUIMI.
   670 | D:1      | 670 ||| READING scroll labelled ROENECKUKI.
   671 | D:1      | 671 ||| READING scroll labelled XAZIES KUAJE.
   672 | D:1      | 672 ||| DROPPING scroll of butterflies.
   715 | D:2      | Found Muxija's Jewellery Boutique.
   803 | D:2      | Noticed Jessica
   807 | D:2      | Killed Jessica
   882 | D:2      | Found Zaoq Eck's General Store.
   904 | D:2      | 904 ||| SHOPLISTING amulet of the acrobat (390 gold, have
                  | 72).
   904 | D:2      | 904 ||| BUYING scroll of identify (26 gold).
   904 | D:2      | Bought a scroll of identify for 26 gold pieces
   954 | D:2      | Reached skill level 5 in Ranged Weapons
   954 | D:2      | Reached XP level 4. HP: 26/26 MP: 4/4
   967 | D:2      | Noticed Terence
   973 | D:2      | Killed Terence
   980 | D:2      | Found Iledda's Magic Scroll Shoppe.
   986 | D:2      | 986 ||| SHOPLISTING scroll of enchant weapon (97 gold, have
                  | 46).
   986 | D:2      | 986 ||| BUYING scroll of identify (26 gold).
   986 | D:2      | Bought a scroll of identify for 26 gold pieces
   986 | D:2      | 986 ||| SHOPLISTING scroll of identify (26 gold, have 20).
   986 | D:2      | 986 ||| SHOPLISTING scroll of teleportation (39 gold, have
                  | 20).
  1082 | D:2      | Reached skill level 3 in Fighting
  1135 | D:2      | 1135 ||| DROPPING ring of magical power.
  1136 | D:2      | 1136 ||| READING scroll labelled MUTA BUAXKUZ.
  1137 | D:2      | 1137 ||| READING scroll labelled JATTEELAAFA.
  1137 | D:2      | Identified a scroll of acquirement
  1137 | D:2      | 1137 ||| ACQUIRING +5 orcbow of Eternal Vigilance {heavy,
                  | rF+ rCorr Str+2 Int+4}
  1137 | D:2      | Acquired the +5 orcbow of Eternal Vigilance {heavy, rF+
                  | rCorr Str+2 Int+4}
  1139 | D:2      | 1139 ||| SWAPPING to +5 orcbow of Eternal Vigilance {heavy,
                  | rF+ rCorr Str+2 Int+4}.
  1140 | D:2      | 1140 ||| DROPPING +0 shortbow.
  1141 | D:2      | 1141 ||| DRINKING 3 metallic ruby potions.
  1141 | D:2      | Gained mutation: Your muscles are strong. (Str +4, Int/Dex
                  | -1) [potion of mutation]
  1141 | D:2      | Gained mutation: Armour fits poorly on your strangely
                  | shaped body. [potion of mutation]
  1141 | D:2      | Gained mutation: You are robust. (+10% HP) [potion of
                  | mutation]
  1141 | D:2      | Gained mutation: You have large cloven feet. [potion of
                  | mutation]
  1148 | D:2      | 1148 ||| READING 4 scrolls of identify.
  1148 | D:2      | 1148 ||| IDENTIFYING black potion
  1149 | D:2      | 1149 ||| READING 3 scrolls of identify.
  1149 | D:2      | 1149 ||| IDENTIFYING white potion
  1150 | D:2      | 1150 ||| DROPPING potion of attraction.
  1151 | D:2      | 1151 ||| DROPPING potion of berserk rage.
  1245 | D:3      | Reached XP level 5. HP: 31/35 MP: 5/5
  1385 | D:3      | Reached skill level 6 in Ranged Weapons
  1794 | D:3      | 1794 ||| READING scroll labelled KIRYOS ROLAOBA.
  1795 | D:3      | 1795 ||| READING scroll labelled LACKOX ZIOF.
  1798 | D:3      | 1798 ||| READING scroll labelled IPHOCU HITWIME.
  1799 | D:3      | 1799 ||| DRINKING 2 viscous golden potions.
  1835 | D:3      | 1835 ||| DROPPING potion of lignification.
  1869 | D:4      | Reached XP level 6. HP: 41/41 MP: 6/6
  1886 | D:4      | Noticed Dowan
  1887 | D:4      | Killed Dowan
  1887 | D:4      | Noticed Duvessa
  1893 | D:4      | HP: 8/41 [Duvessa/+0 short sword (10)]
  1894 | D:4      | Slain by Duvessa

Levels and vault maps discovered:
D:1:      sevenhm_arrival_forest_fort_small_6, layout_loops_cross,
          grunt_decor_one_mirror
D:2:      layout_rooms, serial_shops, nicolae_shop_competitors_out_of_business,
          nicolae_shop_waterfront, nicolae_shop_waterfront,
          kennysheep_jessica_study, uniq_terence
D:3:      layout_loops_ring
D:4:      layout_cave_pools, uniq_duvessa, uniq_crazy_yiuf_cottage

Skill      XL: |  1  2  3  4  5 |
---------------+----------------+-----
Armour         | 2 |  2.1
Ranged Weapons | 5 6 |  6.8
Fighting       | 3 4 |  4.2
Dodging        | |  1.5
Stealth        | |  1.1

Action                     |  1- 3 |  4- 6 || total
---------------------------+-------+-------++-------
   Fire: Shortbow          |   112 |     9 ||   121
         Orcbow            |       |    69 ||    69
    Use: Scroll            |     3 |     7 ||    10
         Potion            |       |     2 ||     2
 Armour: Leather armour    |    19 |       ||    19
         Ring mail         |    17 |    18 ||    35
  Dodge: Dodged            |    44 |    41 ||    85

Table legend:
 A = Non-vault XP
 B = Vault XP
 C = Vault XP percentage of total XP
 D = Non-vault monster count
 E = Vault monster count
 F = Vault count percentage of total count
                 A         B        C        D         E       F
            +---------+---------+-------+---------+---------+-------
      Total |     425 |     141 |  24.9 |      61 |       4 |   6.2
            +---------+---------+-------+---------+---------+-------
        D:1 |      35 |       0 |   0.0 |      22 |       0 |   0.0
        D:2 |      12 |      75 |  86.2 |       9 |       3 |  25.0
        D:3 |     169 |       0 |   0.0 |      27 |       0 |   0.0
        D:4 |     209 |      66 |  24.0 |       3 |       1 |  25.0
            +---------+---------+-------+---------+---------+-------
